 Dungeon Crawl Stone Soup version 0.30.1-1-g62c8e00024 (webtiles) character file.

Game seed: 17922972514373638021

9662 Arctor the Thaumaturge (level 11, -3/59 HPs)
             Began as a Deep Elf Fire Elementalist on July 17, 2023.
             Was a Believer of Vehumet.
             Slain by a meliai zombie (4 damage)
             ... on level 10 of the Dungeon.
             The game lasted 00:31:13 (12401 turns).

Arctor the Thaumaturge (DEFE)                      Turns: 12401, Time: 00:31:13

Health: -3/59      AC: 13    Str: 11    XL:     11   Next: 26%
Magic:  24/29      EV: 16    Int: 25    God:    Vehumet [**....]
Gold:   580        SH:  0    Dex: 15    Spells: 24/34 levels left

rFire   . . .        y - +5 dagger (venom)
rCold   . . .        (no shield)
rNeg    . . .        a - +1 robe
rPois   .            (no helmet)
rElec   .            n - scarf {repulsion}
rCorr   .            u - +2 pair of gloves
SInv    .            r - +2 pair of boots
Will    +....        (no amulet)
Stlth   ++++         i - +4 ring of protection
HPRegen 0.00/turn    q - +6 ring of strength
MPRegen 0.21/turn

%: random rage (3%), repel missiles
@: about to teleport, on berserk cooldown, inhibited regen, slowed, very slow
A: berserk 1, inhibited regeneration
a: Renounce Religion


You were on level 10 of the Dungeon.
You worshipped Vehumet.
Vehumet was pleased with you.
You visited 2 branches of the dungeon, and saw 13 of its levels.

You collected 580 gold pieces.

Inventory:

Hand Weapons
 e - a +2 short sword of speed
 y - a +5 dagger of venom (weapon)
Missiles
 w - 4 curare-tipped darts
Armour
 a - a +1 robe (worn)
 n - a scarf of repulsion (worn)
 p - a scarf of invisibility
 r - a +2 pair of boots (worn)
 u - a +2 pair of gloves (worn)
Magical Staves
 M - a staff of earth
Jewellery
 h - a +6 ring of dexterity
 i - a +4 ring of protection (left hand)
 q - a +6 ring of strength (right hand)
 x - a ring of ice
 C - a ring of ice
 K - a ring of protection from cold
 L - a ring of see invisible
Wands
 j - a wand of polymorph (1)
 k - a wand of light (15)
 l - a wand of flame (33)
 v - a wand of roots (14)
Scrolls
 d - 2 scrolls of fog
 f - 3 scrolls of amnesia
 g - 2 scrolls of teleportation
 m - a scroll of immolation
 o - a scroll of identify
 B - 2 scrolls of enchant armour
 D - 3 scrolls of torment
 F - a scroll of fear
 H - 2 scrolls of poison
 I - 2 scrolls of vulnerability
 N - a scroll of magic mapping {unknown}
Potions
 b - a potion of magic
 c - 7 potions of curing
 s - 2 potions of cancellation
 t - 2 potions of haste
 z - a potion of invisibility
 A - a potion of resistance
 E - 2 potions of flight
 J - a potion of might
Miscellaneous
 G - a lightning rod (4/4)


   Skills:
 - Level 2.7 Fighting
 + Level 7.8 Dodging
 + Level 8.5 Stealth
 + Level 12.4 Spellcasting
 + Level 10.2 Conjurations
 + Level 10.7 Fire Magic


You had 24 spell levels left.
You knew the following spells:

 Your Spells              Type           Power      Damage    Failure   Level
a - Foxfire               Conj/Fire      100%       2x1d9     1%          1
b - Scorch                Fire           100%       2d9       1%          2
c - Volatile Blastmotes   Fire/Tloc      84%        2d17      1%          3
d - Flame Wave            Conj/Fire      62%        2d14      1%          4

Your spell library contained the following spells:

 Spells                   Type           Power      Damage    Failure   Level
 Poisonous Vapours        Pois/Air       30%        N/A       6%          2
 Magic Dart               Conj           100%       1d8       1%          1
 Inner Flame              Hex/Fire       42%        N/A       1%          3
 Stone Arrow              Conj/Erth      82%        3d12      1%          3
 Mephitic Cloud           Conj/Pois/Air  32%        N/A       2%          3
 Beastly Appendage        Tmut           30%        N/A       3%          1
 Sandblast                Erth           30%        2d9       3%          1
 Slow                     Hex            60%        N/A       3%          1
 Summon Small Mammal      Summ           60%        N/A       3%          1
 Call Imp                 Summ           30%        N/A       6%          2
 Ensorcelled Hibernation  Hex/Ice        30%        N/A       6%          2
 Lesser Beckoning         Tloc           30%        N/A       6%          2
 Passwall                 Tmut/Erth      12%        N/A       6%          2
 Wereblood                Tmut           15%        N/A       6%          2
 Call Canine Familiar     Summ           15%        N/A       12%         3
 Confusing Touch          Hex            15%        N/A       12%         3
 Frozen Ramparts          Ice            30%        1d5       12%         3
 Gell's Gravitas          Tloc           15%        N/A       12%         3
 Spider Form              Tmut/Pois      15%        N/A       12%         3
 Summon Guardian Golem    Hex/Summ       15%        N/A       12%         3
 Teleport Other           Tloc           15%        N/A       12%         3
 Vampiric Draining        Necr           15%        2d7       12%         3
 Anguish                  Hex/Necr       7%         N/A       36%         4
 Ice Form                 Ice/Tmut       15%        N/A       36%         4
 Summon Ice Beast         Ice/Summ       15%        N/A       36%         4
 Summon Cactus Giant      Summ           7%         N/A       99%         6


Dungeon Overview and Level Annotations

Branches:
Dungeon (12/15)            Temple (1/1) D:7            Lair (0/5) D:8
    Orc: D:9-12

Altars:
Ashenzari
Cheibriados
Dithmenos
Fedhas
Gozag
Hepliaklqana
Kikubaaqudgha
Makhleb
Nemelex Xobeh
Okawaru
Qazlal
Ru
Sif Muna
Trog
Uskayaw
Vehumet
Wu Jian
Xom
Yredelemnul
Zin
The Shining One

Shops:
D:6 ?


Innate Abilities, Weirdness & Mutations

You sometimes lose your temper in combat.
You do not regenerate when monsters are visible.


Message History

The centaur warrior zombie hits you but does no damage.
The centaur warrior zombie completely misses you.
The unseen horror zombie barely misses you.
The unseen horror zombie attacks as you move away!
The unseen horror zombie misses you.
The unseen horror zombie hits you but does no damage.
The unseen horror zombie hits you!
* * * LOW HITPOINT WARNING * * *
The unseen horror zombie barely misses you.
You feel better. The unseen horror zombie hits you.
* * * LOW HITPOINT WARNING * * *
The unseen horror zombie closely misses you. x2
The meliai zombie barely misses you. x2; The unseen horror zombie hits you.
* * * LOW HITPOINT WARNING * * *
The meliai zombie barely misses you.
The meliai zombie hits you but does no damage.
You feel better.
The unseen horror zombie closely misses you.
The unseen horror zombie barely misses you.
The meliai zombie closely misses you. The meliai zombie hits you.
* * * LOW HITPOINT WARNING * * *
The unseen horror zombie closely misses you.
The meliai zombie hits you but does no damage.
The meliai zombie closely misses you.
The unseen horror zombie barely misses you.
As you read the scroll of teleportation, it crumbles to dust.
You feel strangely unstable.
The unseen horror zombie barely misses you.
The unseen horror zombie closely misses you.
The meliai zombie closely misses you. The meliai zombie barely misses you.
The unseen horror zombie completely misses you.
The meliai zombie hits you but does no damage.
The meliai zombie closely misses you.
The unseen horror zombie hits you but does no damage.
The centaur warrior zombie hits you.
* * * LOW HITPOINT WARNING * * *
The centaur warrior zombie kicks you but does no damage.
The meliai zombie completely misses you.
The meliai zombie hits you.
You die...

.#....#
#...######.....#..####
##....#
###.......#########
......#### #....#..#
.........####.......#
....§....#..........#
...§~~§....#.###.#..#
##..~§§..+...# #....#
....~.~§.#...# #ZZZ.#
#+.§~§§....#.# #@#..#
.............# #Z#..#
...###.......+ #Z...#
...# .... ..#
##...##### ...# #..
#.......# #..# ..
#.♣.♣♣..# ...#
#♣♣.♣..♣# ...# ♣.♣.♣.♣
#### ♣.♣♣♣.♣.♣


You could see 3 centaur warrior zombies, an unseen horror zombie and a meliai
zombie.

Vanquished Creatures
  Pikel (D:7)
  A deep elf zephyrmancer (D:9)
  A cyclops (D:11)
  Joseph (D:8)
  Maurice (D:8)
  3 centaur zombies (D:10)
  A komodo dragon (D:11)
  A shadow (D:10)
  8 yaks
  A wraith (D:9)
  2 wyverns (D:10)
  Edmund (D:5)
  3 steam dragons
  Menkaure (D:7)
  An acid dragon (D:11)
  Duvessa (D:7)
  2 water moccasins
  2 orc warriors
  An ice beast (D:6)
  3 black bears
  The ghost of Drain the Trooper, an amateur MiFi (D:4)
  3 sky beasts
  A centaur (D:9)
  An ogre (D:5)
  4 bullfrogs
  4 kobold brigands
  2 scorpions
  11 wights
  Dowan (D:7)
  7 killer bees
  2 howler monkeys
  An electric eel (D:10)
  A bullfrog zombie (D:3)
  3 orc priests
  A jelly (D:7)
  A bullfrog skeleton (D:3)
  A centaur skeleton (D:3)
  4 hounds
  A sleepcap (D:6)
  Ijyb (D:4)
  Terence (D:2)
  An iguana (D:7)
  12 orc wizards
  A howler monkey zombie (D:10)
  4 gnolls (D:2)
  7 adders
  A shadow imp (D:7)
  2 worms (D:3)
  2 dart slugs (D:1)
  27 orcs
  5 ball pythons
  8 endoplasms
  4 giant cockroaches
  5 goblins
  7 hobgoblins
  3 jackals (D:1)
  2 quokkas
  5 bats
  4 frilled lizards
  32 kobolds
  9 rats
229 creatures vanquished.

Vanquished Creatures (collateral kills)
  3 foxfires
3 creatures vanquished.

Vanquished Creatures (others)
  486 foxfires
486 creatures vanquished.

Grand Total: 718 creatures vanquished

Notes
Turn   | Place    | Note
-------+----------+-------------------------------------------
     0 | D:1      | Arctor the Deep Elf Fire Elementalist began the quest for
                  | the Orb.
     0 | D:1      | Reached XP level 1. HP: 10/10 MP: 6/6
   186 | D:1      | Reached XP level 2. HP: 9/15 MP: 4/8
   751 | D:1      | Reached XP level 3. HP: 13/19 MP: 9/9
  1347 | D:2      | Found a hide-covered altar of Uskayaw.
  1350 | D:2      | Noticed Terence
  1371 | D:2      | Killed Terence
  1372 | D:2      | Reached XP level 4. HP: 19/24 MP: 5/11
  1375 | D:2      | Learned a level 2 spell: Scorch
  1835 | D:2      | Reached skill level 4 in Spellcasting
  2271 | D:3      | Identified the +1 robe of the Past {-Cast rPois rCorr
                  | Dex-2}
  2491 | D:3      | Reached XP level 5. HP: 28/28 MP: 7/13
  2581 | D:3      | Reached skill level 9 in Spellcasting
  2581 | D:3      | Reached XP level 6. HP: 4/32 MP: 3/20
  2928 | D:3      | Found a runed translucent gate.
  2928 | D:3      | Found a runed translucent gate.
  2929 | D:3      | Found a runed translucent gate.
  2945 | D:3      | Noticed Drain's ghost (amateur MiFi)
  3079 | D:3      | Learned a level 3 spell: Volatile Blastmotes
  3602 | D:4      | Noticed Ijyb
  3610 | D:4      | Killed Ijyb
  3611 | D:4      | Reached skill level 10 in Spellcasting
  4356 | D:5      | Entered Level 5 of the Dungeon
  4401 | D:5      | Reached XP level 7. HP: 29/37 MP: 15/22
  4880 | D:5      | Reached skill level 1 in Fighting
  5081 | D:5      | Found a sand-covered staircase.
  5098 | D:5      | Noticed Edmund
  5126 | D:5      | Killed Edmund
  5297 | D:6      | Reached XP level 8. HP: 31/43 MP: 18/24
  5751 | D:6      | Reached skill level 5 in Stealth
  5825 | D:6      | Found a large runed translucent door.
  5827 | D:6      | Found a large runed translucent door.
  6084 | D:6      | Found Opsewn's Magic Scroll Emporium.
  6426 | D:6      | Found a shimmering altar of Xom.
  6432 | D:6      | Learned a level 4 spell: Flame Wave
  6620 | D:4      | Killed Drain's ghost
  6865 | D:7      | Noticed Menkaure
  6870 | D:7      | Killed Menkaure
  6871 | D:7      | Reached skill level 5 in Dodging
  6906 | D:7      | Found a staircase to the Ecumenical Temple.
  6911 | Temple   | Entered the Ecumenical Temple
  6916 | Temple   | Became a worshipper of Vehumet
  6925 | D:7      | Found a snail-covered altar of Cheibriados.
  7004 | D:7      | Found a shimmering blue altar of Sif Muna.
  7051 | D:7      | Reached XP level 9. HP: 48/48 MP: 21/25
  7123 | D:7      | Noticed Pikel
  7139 | D:7      | Killed Pikel
  7509 | D:7      | Noticed Duvessa
  7509 | D:7      | Noticed Dowan
  7514 | D:7      | Killed Dowan
  7521 | D:7      | Killed Duvessa
  7763 | D:7      | Found a glowing silver altar of Zin.
  7971 | D:8      | Reached skill level 11 in Spellcasting
  8293 | D:8      | Reached * piety under Vehumet
  8293 | D:8      | Offered knowledge of Sandblast by Vehumet.
  8406 | D:8      | Noticed Maurice
  8417 | D:8      | Killed Maurice
  8418 | D:8      | Reached XP level 10. HP: 45/54 MP: 16/27
  8419 | D:8      | Noticed Joseph
  8436 | D:8      | Killed Joseph
  8718 | D:8      | Found a staircase to the Lair.
  8833 | D:8      | Gained mutation: You occasionally shout uncontrollably at
                  | your foes. [potion of mutation]
  8833 | D:8      | Gained mutation: You frequently scream uncontrollably at
                  | your foes. [potion of mutation]
  9240 | D:8      | Reached skill level 10 in Fire Magic
 10131 | D:9      | Reached ** piety under Vehumet
 10131 | D:9      | Offered knowledge of Static Discharge by Vehumet.
 10368 | D:9      | Noticed a deep elf zephyrmancer
 10375 | D:9      | Killed a deep elf zephyrmancer
 10942 | D:9      | You fall into a shaft and drop 3 floors!
 10946 | D:12     | Noticed a cyan ugly thing
 10950 | D:12     | Noticed a deep elf pyromancer
 10967 | D:12     | Noticed a two-headed ogre
 11053 | D:11     | Noticed a cyclops
 11072 | D:11     | Noticed a cyclops
 11120 | D:11     | Reached skill level 12 in Spellcasting
 11255 | D:11     | Noticed a cyclops
 11335 | D:11     | Killed a cyclops
 11422 | D:11     | Noticed a boulder beetle
 11457 | D:11     | Lost mutation: You frequently scream uncontrollably at your
                  | foes. [potion of mutation]
 11457 | D:11     | Lost mutation: You occasionally shout uncontrollably at
                  | your foes. [potion of mutation]
 11457 | D:11     | Gained mutation: You sometimes lose your temper in combat.
                  | [potion of mutation]
 11457 | D:11     | Gained mutation: You do not regenerate when monsters are
                  | visible. [potion of mutation]
 11509 | D:10     | Entered Level 10 of the Dungeon
 11524 | D:10     | Reached XP level 11. HP: 49/59 MP: 24/29
 11608 | D:10     | Found a stormy altar of Qazlal.
 11625 | D:10     | Reached skill level 10 in Conjurations
 11732 | D:10     | Found a bloodstained altar of Trog.
 12368 | D:10     | Offered knowledge of Poisonous Vapours by Vehumet.
 12382 | D:10     | Found a basalt altar of Yredelemnul.
 12398 | D:10     | HP: 1/59 [unseen horror zombie (7)]
 12401 | D:10     | Slain by a meliai zombie

Illustrated notes

Levels and vault maps discovered:
D:1:      dpeg_arrival_ratfight, layout_loops_ring, grunt_decor_resistance
D:2:      layout_basic, basic_altar, uniq_terence
D:3:      layout_basic, gammafunk_ghost_necromancy
D:4:      layout_basic, serial_bayou_pond_b, uniq_ijyb
D:5:      layout_layer_cave, nicolae_ossuary_entry_false_entrances, uniq_edmund
D:6:      due_chaos_kobolds, layout_gridville, serial_shops,
          kennysheep_mini_moat
D:7:      layout_basic, cheibriados_altar_1, mainiacjoe_overflow_chevrons,
          nicolae_sif_muna_condensation, temple_statues, uniq_pikel,
          uniq_menkaure, uniq_duvessa
D:8:      layout_basic, david_lair_shrubbed, enter_bailey_1, uniq_maurice,
          uniq_joseph
D:9:      layout_loops_ring, minmay_librarian
D:10:     layout_stronghold, nicolae_qazlal_scattered_showers,
          nicolae_yredelemnul_corpse_copse, nicolae_elyvilon_temple_path,
          lemuel_coloured_pillars_altar, kennysheep_orc_monster_closet_entryway
D:11:     layout_small_grid
D:12:     layout_cave_pools, hangedman_glass_teeth, nicolae_specific_store
Temple:   minmay_freezing_vapour_temple

Skill      XL: |  1  2  3  4  5  6  7  8  9 10 11 |
---------------+----------------------------------+-----
Stealth        | 3 4 5 6 7 8 |  8.5
Dodging        | 3 4 5 6 7 |  7.8
Conjurations   | 2 8 9 10 | 10.2
Fire Magic     | 4 8 9 10 | 10.7
Spellcasting   | 4 9 10 11 12 | 12.4
Fighting       | 1 2 |  2.7

Action                     |  1- 3 |  4- 6 |  7- 9 | 10-12 || total
---------------------------+-------+-------+-------+-------++-------
  Melee: Unarmed           |    19 |       |       |       ||    19
         Short sword       |    63 |    45 |    14 |       ||   122
         Punch             |       |     3 |       |     3 ||     6
         Dagger            |       |       |    47 |   142 ||   189
   Cast: Foxfire           |    39 |    86 |   103 |    82 ||   310
         Scorch            |       |    19 |    66 |   122 ||   207
         Volatile Blastmot |       |       |     3 |       ||     3
    Use: Potion            |     1 |     5 |     4 |     5 ||    15
         Scroll            |       |     4 |     8 |    12 ||    24
   Stab: Sleeping          |     7 |       |     4 |     1 ||    12
 Armour: Robe              |    17 |    13 |    52 |   104 ||   186
         Skin              |       |     5 |       |     7 ||    12
  Dodge: Dodged            |    58 |    33 |    98 |   232 ||   421
         Repelled          |       |     1 |       |     1 ||     2
